 Dungeon Crawl Stone Soup version 0.31.0-12-g77e489cdc1 (webtiles) character file.

Game seed: 11159364744796652660

79 Gadfly the Trooper (level 4, -1/35 HPs)
             Began as a Demonspawn Monk on Feb 23, 2024.
             Killed from afar by Jessica (3 damage)
             ... with a puff of flame
             ... on level 2 of the Dungeon.
             The game lasted 00:02:15 (1352 turns).

Gadfly the Trooper (Demonspawn Monk)                Turns: 1352, Time: 00:02:16

Health: -1/35      AC:  4    Str: 13    XL:     4   Next: 16%
Magic:  4/4        EV: 13    Int: 10    God:
Gold:   110        SH:  0    Dex: 16    Spells: 3/3 levels left

rFire   . .          .
                       - Unarmed
rCold   . . .        c - orb {light}
rNeg    . . .        a - +0 robe
rPois   .            (helmet restricted)
rElec   .            e - +0 cloak
rCorr   .            (no gloves)
SInv    .            j - +0 pair of boots
Will    .....        (no amulet)
Stlth   +            (no ring)
HPRegen 0.25/turn    (no ring)
MPRegen 0.09/turn

%: no passive effects
@: glowing
A: antennae 1, ignite blood 1
a: no special abilities


You were on level 2 of the Dungeon.
You visited 1 branch of the dungeon, and saw 2 of its levels.

You collected 110 gold pieces.

Inventory:

Armour
 a - a +0 robe (worn)
 c - an orb of light (worn)
 e - a +0 cloak (worn)
 j - a +0 pair of boots (worn)
Scrolls
 i - a scroll of fog
Potions
 d - a potion of mutation {unknown}
 g - a potion of curing


   Skills:
 - Level 3.0 Fighting
 + Level 3.0 Dodging
 + Level 3.0 Unarmed Combat
 * Level 2.1 Evocations
 * Level 1.5 Shapeshifting


You had 3 spell levels left.
You didn't know any spells.
Your spell library contained the following spells:

 Spells                   Type           Power      Damage    Failure   Level
 Jinxbite                 Hex            0%         N/A       50%         2
 Yara's Violent Unravell  Hex/Alch       0%         3d3       100%        5
 Enfeeble                 Hex            0%         N/A       100%        7


Dungeon Overview and Level Annotations

Branches:
Dungeon (2/15)

Altars:

Annotations:
D:2 Jessica


Innate Abilities, Weirdness & Mutations

You have a pair of small antennae on your head.
Your demonic aura sometimes causes spilled blood to erupt in flames.


Message History

You feel less invigorated.
You feel less confused. The hobgoblin barely misses you.
Jessica gestures wildly while chanting.
Jessica blinks!
The hobgoblin hits you with a +0 short sword.
The hobgoblin hits you with a +0 short sword.
You hit the hobgoblin.
The hobgoblin is severely wounded.
The hobgoblin hits you but does no damage.
You hit the hobgoblin.
You kill the hobgoblin!
Jessica zaps a wand.
The puff of flame hits you.
Items here: $ ( ) †.
Jessica mumbles some strange words.
Jessica blinks!
Jessica zaps a wand.
The puff of flame hits you.
* * * LOW HITPOINT WARNING * * *
Jessica mumbles something strange.
Jessica closely misses you.
You hit Jessica but do no damage.
Jessica is moderately wounded.
Jessica closely misses you.
You hit Jessica.
Jessica is severely wounded.
Jessica casts a spell.
Jessica seems to speed up.
You barely miss Jessica.
Jessica is severely wounded.
Jessica zaps a wand.
The puff of flame hits you.
* * * LOW HITPOINT WARNING * * *
You hit Jessica but do no damage.
Jessica is severely wounded.
Jessica zaps a wand.
The puff of flame hits you.
* * * LOW HITPOINT WARNING * * *
Jessica zaps a wand.
The puff of flame misses you.
You hit Jessica but do no damage.
Jessica is severely wounded.
Jessica zaps a wand.
The puff of flame hits you.
You die...

#......... #......... #......†).
... #......... ... ## #.........
.. .# #..<...... #.# .#
#####.....
#######.########.#########....†
.............@@.........(......
.............###'#####........#
............$.#......##........#
..............#......##........#
..............#......##........#
#........######......##........#
#......§..# #......##........#
#.........# #......##........#
#.........# ###......##........#


You could see Jessica (fast).

Vanquished Creatures
  An adder (D:2)
  4 gnolls
  A ribbon worm (D:2)
  3 bats (D:1)
  2 endoplasms
  A giant cockroach (D:2)
  2 goblins (D:1)
  2 hobgoblins (D:2)
  5 ball pythons
  2 frilled lizards
  7 kobolds
  3 rats (D:1)
33 creatures vanquished.

Notes
Turn   | Place    | Note
-------+----------+-------------------------------------------
     0 | D:1      | Gadfly the Demonspawn Monk began the quest for the Orb.
     0 | D:1      | Reached XP level 1. HP: 18/18 MP: 1/1
   201 | D:1      | Reached skill level 1 in Evocations
   201 | D:1      | Gained mutation: Your demonic aura sometimes causes spilled
                  | blood to erupt in flames. [demonic ancestry]
   201 | D:1      | Reached XP level 2. HP: 9/24 MP: 2/2
   539 | D:1      | Reached skill level 1 in Shapeshifting
   735 | D:1      | Found a faded altar of an unknown god.
   810 | D:1      | Gained mutation: You have a pair of small antennae on your
                  | head. [demonic ancestry]
   810 | D:1      | Reached XP level 3. HP: 19/29 MP: 3/3
  1201 | D:2      | Reached XP level 4. HP: 28/35 MP: 4/4
  1315 | D:2      | Noticed Jessica
  1352 | D:2      | Killed from afar by Jessica

Illustrated notes

Levels and vault maps discovered:
D:1:      dpeg_arrival_long_road, layout_basic, shapermc_ecumenical_altar_petra
D:2:      layout_basic, amethyst_killhole, uniq_jessica, uniq_robin

Skill      XL: |  1  2  3 |
---------------+----------+-----
Evocations     | 1 2 |  2.1
Shapeshifting  | 1 |  1.5
Unarmed Combat | 3 |  3.0
Dodging        | 3 |  3.0
Fighting       | |  3.0

Action                     |  1- 3 |  4- 6 || total
---------------------------+-------+-------++-------
  Melee: Unarmed           |   110 |    24 ||   134
    Use: Scroll            |     4 |     1 ||     5
         Potion            |       |     1 ||     1
 Armour: Robe              |    62 |    24 ||    86
  Dodge: Dodged            |    96 |    25 ||   121
